 Dungeon Crawl Stone Soup version 0.28-a0-627-g4e9751bbfc (webtiles) character file.

Game seed: 17081877178715099975

118 Johnny the Chiller (level 4, -5/34 (37) HPs)
             Began as a Draconian Ice Elementalist on Oct 8, 2021.
             Shot with an arrow by a centaur (11 damage)
             ... on level 3 of the Dungeon.
             The game lasted 00:02:35 (2507 turns).

Johnny the Chiller (Draconian Ice Elementalist)     Turns: 2507, Time: 00:02:36

HP:   -5/34 (37)    AC:  7    Str: 11    XL:     4   Next: 72%
MP:   8/8           EV: 12    Int: 16    God:
Gold: 93            SH:  0    Dex: 11    Spells: 8/9 levels left

rFire   . . .      SeeInvis .   d - +0 dagger
rCold   . . .      Faith    .   (no shield)
rNeg    . . .      Spirit   .   (armour unavailable)
rPois   +          Reflect  .   (helmet restricted)
rElec   .          Harm     .   l - scarf {+Inv}
rCorr   .          Rampage  .   b - +0 pair of gloves
Will    .....                   m - +0 pair of boots
Stlth   ++........              (no amulet)
HPRegen 0.11/turn               e - ring of poison resistance
MPRegen 0.11/turn               (no ring)

@: drained
A: AC +5, unfitting armour, cold-blooded
a: Evoke Invisibility


You were on level 3 of the Dungeon.
You visited 1 branch of the dungeon, and saw 3 of its levels.

You collected 93 gold pieces.

Inventory:

Hand Weapons
 d - a +0 dagger (weapon)
Missiles
 f - a throwing net
Armour
 b - a +0 pair of gloves (worn)
 j - a +0 cloak
 l - a scarf of invisibility (worn)
 m - a +0 pair of boots (worn)
Magical Staves
 r - a staff of earth
Jewellery
 e - a ring of poison resistance (left hand)
Scrolls
 c - a scroll of noise {unknown}
 h - 4 scrolls of identify {unknown}
 n - a scroll of acquirement {unknown}
 p - a scroll of enchant weapon {unknown}
 q - 2 scrolls of brand weapon {unknown}
Potions
 a - 2 potions of resistance {unknown}
 g - a potion of degeneration {unknown}
 i - a potion of invisibility {unknown}
 k - a potion of mutation {unknown}
 o - a potion of curing {unknown}


   Skills:
 + Level 2.6 Fighting
 - Level 1.7 Dodging
 - Level 1.7 Stealth
 + Level 3.1 Spellcasting
 + Level 4.8 Ice Magic


You had 8 spell levels left.
You knew the following spells:

 Your Spells              Type           Power      Damage    Failure   Level
a - Freeze                Ice            68%        1d8       2%          1

Your spell library contained the following spells:

 Spells                   Type           Power      Damage    Failure   Level
 Frozen Ramparts          Ice            34%        1d5       8%          3
 Ozocubu's Armour         Ice            17%        N/A       8%          3
 Sting                    Tmut/Pois      8%         1d3       19%         1
 Passwall                 Tmut/Erth      1%         N/A       28%         2
 Poisonous Vapours        Pois/Air       4%         N/A       28%         2
 Swiftness                Air            2%         N/A       50%         3
 Hailstorm                Conj/Ice       10%        3d5       56%         4
 Olgreb's Toxic Radiance  Pois           2%         N/A       88%         4
 Invisibility             Hex            1%         N/A       100%        6


Dungeon Overview and Level Annotations

Branches:
Dungeon (3/15)

Altars:
Okawaru

Shops:
D:1 !


Innate Abilities, Weirdness & Mutations

Your plain brown scales are hard. (AC +5)
You cannot fit into any form of body armour.
You are cold-blooded and may be slowed by cold attacks.


Message History

Aiming: Freeze (safe; 2% risk of failure)
Press: ? - help, Shift-Dir - straight line, f - orc
Aim: an orc, wielding a +0 short sword, wearing a +0 scale mail and quivering boomerangs (severely wounded)
You freeze the orc.
You kill the orc!
Casting: Freeze (safe; 2% risk of failure)
Confirm with . or Enter, or press ? or * to list all spells.
You can't see any susceptible monsters within range! (Use Z to cast anyway.) HP restored.
Items here: ( ) [ †.
r - a staff of earth A rat comes into view.
A rat is nearby!
A centaur comes into view.
The centaur wields a +0 shortbow.
The centaur shoots an arrow.
The arrow hits you!
The centaur shoots an arrow.
The arrow barely misses you.
The centaur shoots an arrow.
The arrow hits you.
Found a stone staircase leading up.
The centaur shoots an arrow.
The arrow barely misses you. The rat barely misses you.
You hit the rat.
You kill the rat!
The centaur shoots an arrow.
The arrow hits you!
The centaur shoots an arrow.
The arrow closely misses you.
You are too injured to fight recklessly!
You are too injured to fight recklessly!
You are too injured to fight recklessly!
You are too injured to fight recklessly!
You are too injured to fight recklessly!
A centaur is nearby!
A centaur is nearby!
Unknown command.
You aren't carrying any items that you can evoke.
Unknown command.
You feel drained.
You fail to use your ability.
The centaur shoots an arrow.
The arrow hits you!
* * * LOW HITPOINT WARNING * * *
The centaur shoots an arrow.
The arrow barely misses you.
The centaur shoots an arrow.
The arrow hits you!
You die...

####.#### ##.....#.#
#..# #.# #..##.##.#
###..### #.#
###.###.##.####.......
#.#
##...##..##......##.###
#.#
#..####.####.####......
#.######.###...## #
#.#..##
#.##.....##.....##
...##.#
#.#..#####.......# #..#
#.# ####)#)###
#!.†@...# #..# #.#
.....)...# #.......#
..# ####.## ....######
##.....## ## #......
.... #....... #.[....
#### ......c## #......
#.......# #......
#..<....# #......
#......## #......
#......


You could see a centaur.

Vanquished Creatures
  A jelly (D:3)
  4 adders (D:2)
  3 worms
  2 dart slugs (D:3)
  4 orcs (D:3)
  2 endoplasms (D:3)
  2 giant cockroaches (D:2)
  2 goblins (D:2)
  4 hobgoblins
  2 kobolds
  3 quokkas
  2 ball pythons (D:2)
  3 bats (D:2)
  6 rats
40 creatures vanquished.

Notes
Turn   | Place    | Note
-------+----------+-------------------------------------------
     0 | D:1      | Johnny the Draconian Ice Elementalist began the quest for
                  | the Orb.
     0 | D:1      | Reached XP level 1. HP: 14/14 MP: 3/3
    29 | D:1      | Found Hodibbeh's Distillery.
   585 | D:2      | Reached skill level 1 in Fighting
   585 | D:2      | Reached XP level 2. HP: 11/23 MP: 0/5
  1110 | D:2      | Reached XP level 3. HP: 21/28 MP: 0/6
  1298 | D:2      | Found an iron altar of Okawaru.
  1873 | D:3      | Reached XP level 4. HP: 32/36 MP: 2/8
  2317 | D:3      | Found a faded altar of an unknown god.
  2502 | D:3      | Noticed a centaur
  2507 | D:3      | Shot with an arrow by a centaur

Illustrated notes

Levels and vault maps discovered:
D:1:      dpeg_arrival_simpleton_b, layout_basic, serial_shops,
          nicolae_shop_waterfront
D:2:      layout_rooms, basic_altar, minmay_pentomino_v4
D:3:      layout_rooms, yredelemnul_forgotten_temple_becter,
          hellmonk_ecumenical_altar_zigzags

Skill      XL: |  1  2  3  4 |
---------------+-------------+-----
Fighting       | 1 2 |  2.6
Spellcasting   | 3 |  3.1
Dodging        | |  1.7
Stealth        | |  1.7
Ice Magic      | |  4.8

Action                   |  1- 3 |  4- 6 || total
-------------------------+-------+-------++-------
Melee: Unarmed           |    19 |       ||    19
       Dagger            |    59 |    31 ||    90
       Tailslap          |     7 |     6 ||    13
 Cast: Freeze            |    38 |    11 ||    49
 Stab: Sleeping          |     1 |     1 ||     2
Armor: Skin              |    38 |     8 ||    46
Dodge: Dodged            |    79 |    24 ||   103

Table legend: (Time is in decaauts)
 A = Elapsed time spent in this place.
 B = Non-inter-level travel time spent in this place.
 C = Inter-level travel time spent in this place.
 D = Time resting spent in this place.
 E = Time spent auto-exploring this place.
 F = Levels seen in this place.
 G = Mean time per level.
                   A        B        C        D        E       F      G
               +--------+--------+--------+--------+--------+-----+--------+
         Total |   2507 |   2454 |     53 |    583 |   1488 |   3 |  835.7 |
       Dungeon |   2507 |   2454 |     53 |    583 |   1488 |   3 |  835.7 |
               +--------+--------+--------+--------+--------+-----+--------+

Top non-repeatable levels by time:
     D:2: 959 daAuts
     D:1: 885 daAuts
     D:3: 662 daAuts
